 Dungeon Crawl Stone Soup version 0.29-a0-414-g5075937ec3 (webtiles) character file.

Game seed: 8950043280942957720

72581 holysushi the Acrobat (level 15, -5/100 HPs)
             Began as a Kobold Artificer on May 16, 2022.
             Was an Initiate of Gozag.
             Slain by a catoblepas (8 damage)
             ... while petrified by a catoblepas
             ... in a Gauntlet.
             The game lasted 00:44:32 (29372 turns).

holysushi the Acrobat (Kobold Artificer)           Turns: 29372, Time: 00:44:32

Health: -5/100     AC: 12    Str: 13    XL:     15   Next: 86%
Magic:  15/15      EV:  3    Int: 12    God:    Gozag
Gold:   3336       SH:  0    Dex: 27    Spells: 14/14 levels left

rFire   + + +      SeeInvis .   I - +3 rapier (speed)
rCold   + . .      Faith    .   R - +1 buckler
rNeg    + + +      Spirit   .   u - +2 ring mail of Divine Compulsion {rF+++ rC+ Will+ Str-2}
rPois   ∞          Reflect  .   p - +1 helmet
rElec   .          Harm     .   V - scarf {shadows}
rCorr   .          Rampage  .   C - +2 pair of gloves {Dex+3}
Will    +++++      Clarity  +   (no boots)
Stlth   +++++++... NoTele   +   Q - amulet of the Four Winds {rN+ Will+++ Clar}
HPRegen 0.26/turn               S - +4 ring of evasion
MPRegen 0.14/turn               o - +6 ring of strength

@: petrified, gold aura
A: small, no large weapons, nightstalker 3
a: Renounce Religion, Potion Petition, Call Merchant, Bribe Branch


You were in a Gauntlet.
You worshipped Gozag.
Gozag was most pleased with you.
You visited 3 branches of the dungeon, and saw 19 of its levels.
You also visited: Gauntlet.

You collected 5928 gold pieces.
You spent 1744 gold pieces at shops.
You paid 848 gold pieces to Gozag.

Inventory:

Hand Weapons
 t - a +2 vampiric dagger
 I - a +3 rapier of speed (weapon)
Armour
 b - a +1 leather armour of poison resistance
 p - a +1 helmet (worn)
 u - the +2 ring mail of Divine Compulsion (worn) {rF+++ rC+ Will+ Str-2}
   (You found it on level 3 of the Dungeon)

   Str:       It affects your strength (-2).
   rF:        It renders you almost immune to fire.
   rC:        It protects you from cold.
   Will:      It increases your willpower.
 C - a +2 pair of gloves of dexterity (worn)
 R - a +1 buckler (worn)
 V - a scarf of shadows (worn)
 Z - the +2 cloak of Anarchy {Will+}
   (You found it on level 6 of the Lair of Beasts)

   Will:      It increases your willpower.
Jewellery
 f - an amulet of reflection
 g - a ring of see invisible
 h - an amulet of the acrobat
 o - a +6 ring of strength (right hand)
 K - the ring "Ygecuagg" {rF+ MP+9}
   (You found it in a Gauntlet)

   [ring of magical power]

   rF:        It protects you from fire.
   MP:        It affects your magic capacity (+9).
 Q - the amulet of the Four Winds (around neck) {rN+ Will+++ Clar}
   (You bought it in a shop on level 6 of the Dungeon)

   [amulet of nothing]

   rN:        It protects you from negative energy.
   Clar:      It protects you against confusion.
   Will:      It greatly increases your willpower.
 S - a +4 ring of evasion (left hand)
Wands
 c - a wand of flame (8) (quivered)
 d - a wand of charming (23)
 e - a wand of iceblast (15)
 D - a wand of acid (8)
 F - a wand of polymorph (4)
 L - a wand of paralysis (23)
 O - a wand of digging (1)
Scrolls
 a - 4 scrolls of magic mapping
 k - 10 scrolls of teleportation
 y - 5 scrolls of fog
 B - a scroll of summoning
 E - 3 scrolls of identify
 G - 4 scrolls of amnesia
 H - 3 scrolls of poison
 J - 6 scrolls of blinking
 P - 3 scrolls of vulnerability
 U - 2 scrolls of immolation
 W - 2 scrolls of fear
 X - a scroll of brand weapon
Potions
 i - 9 potions of curing
 j - a potion of ambrosia
 l - 2 potions of flight
 m - 3 potions of cancellation
 n - 4 potions of brilliance
 q - 4 potions of might
 r - 2 potions of attraction
 s - 3 potions of mutation
 v - a potion of magic
 w - 4 potions of heal wounds
 x - 2 potions of invisibility
 z - 5 potions of haste
 A - 6 potions of lignification
 M - 3 potions of degeneration
 N - 2 potions of berserk rage {unknown}
 T - a potion of resistance {unknown}
Miscellaneous
 Y - a phial of floods


   Skills:
 - Level 14.0 Fighting
 - Level 14.0 Short Blades
 - Level 0.7 Armour
 * Level 21.3 Dodging
 - Level 15.0 Stealth
 - Level 5.0 Evocations


You had 14 spell levels left.
You didn't know any spells.
Your spell library contained the following spells:

 Spells                   Type           Power      Damage    Failure   Level
 Foxfire                  Conj/Fire      0%         2x1d4     75%         1
 Sandblast                Erth           0%         2d4       75%         1
 Blink                    Tloc           0%         N/A       86%         2
 Corpse Rot               Necr/Air       0%         N/A       86%         2
 Passwall                 Tmut/Erth      0%         N/A       86%         2
 Sublimation of Blood     Necr           0%         N/A       86%         2
 Wereblood                Tmut           0%         N/A       86%         2
 Conjure Flame            Conj/Fire      0%         6-21      98%         3
 Inner Flame              Hex/Fire       0%         N/A       98%         3
 Lesser Beckoning         Tloc           0%         N/A       98%         3
 Stone Arrow              Conj/Erth      0%         3d7       98%         3
 Animate Armour           Summ/Erth      0%         N/A       100%        4
 Dispel Undead            Necr           0%         3d6       100%        4
 Flame Wave               Conj/Fire      0%         2d4       100%        4
 Petrify                  Tmut/Erth      0%         N/A       100%        4
 Blade Hands              Tmut           0%         N/A       100%        5
 Manifold Assault         Tloc           0%         N/A       100%        5
 Metabolic Englaciation   Hex/Ice        0%         N/A       100%        5
 Summon Forest            Summ/Tloc      0%         N/A       100%        5
 Summon Mana Viper        Hex/Summ       0%         N/A       100%        5
 Yara's Violent Unravell  Hex/Tmut       0%         3d3       100%        5
 Death Channel            Necr           0%         N/A       100%        6
 Iron Shot                Conj/Erth      0%         9d1       100%        6
 Statue Form              Tmut/Erth      0%         N/A       100%        6
 Summon Cactus Giant      Summ           0%         N/A       100%        6
 Storm Form               Tmut/Air       0%         N/A       100%        7
 Summon Hydra             Summ           0%         N/A       100%        7


Dungeon Overview and Level Annotations

Branches:
Dungeon (12/15)            Temple (1/1) D:7            Lair (6/6) D:9
 Shoals (0/4) Lair:4       Spider (0/4) Lair:3        Slime (0/5) Lair:5
    Orc (0/2) D:12        Gauntlet (1/1)

Altars:
Ashenzari
Cheibriados
Dithmenos
Elyvilon
Fedhas
Gozag
Hepliaklqana
Kikubaaqudgha
Makhleb
Nemelex Xobeh
Okawaru
Qazlal
Ru
Sif Muna
Trog
Uskayaw
Vehumet
Wu Jian
Xom
Yredelemnul
Zin
The Shining One
Lugonu

Shops:
D:6 *=   D:7 [   D:8 (   D:11 [   Lair:5 *

Portals:
Abyss: Lair:6

Annotations:
D:2 1 runed translucent door, Crazy Yiuf
Lair:1 exclusion: molten gargoyle
Lair:5 exclusion: downstairs Gauntlet 9 transporters, 2 runed translucent doors


Innate Abilities, Weirdness & Mutations

You are small and have problems with some larger weapons.
You are completely attuned to the shadows.


Message History

The molten gargoyle hits you with a +0 mace!
You are engulfed in flames.
You resist.
The catoblepas breathes a plume of calcifying dust at you.
The blast of calcifying dust hits you but does no damage.
You hit the molten gargoyle.
You destroy the molten gargoyle!
You are engulfed in calcifying dust.
You are slowing down.
Unknown command.
The gargoyle completely misses you.
The catoblepas breathes a plume of calcifying dust at you.
The blast of calcifying dust hits you. The gargoyle barely misses you.
Your limbs are stiffening.
Things that are here:
7 gold pieces; a +0 mace Unknown command.
You are engulfed in calcifying dust.
The gargoyle hits you with a +0 mace!
You have turned to stone.
You are engulfed in calcifying dust.
The catoblepas gores you!! The gargoyle hits you with a +0 mace!
You are engulfed in calcifying dust.
The gargoyle hits you but does no damage.
The catoblepas gores you!!
The molten gargoyle is distracted by your dazzling golden aura.
You are engulfed in calcifying dust.
The gargoyle hurls a stone arrow at you.
The stone arrow hits you!!
* * * LOW HITPOINT WARNING * * *
The catoblepas gores you!
* * * LOW HITPOINT WARNING * * *
You are engulfed in calcifying dust.
The catoblepas gores you but does no damage.
The gargoyle hits you with a +0 mace!!
* * * LOW HITPOINT WARNING * * *
The molten gargoyle is no longer distracted by gold.
The gargoyle hits you with a +0 mace!
* * * LOW HITPOINT WARNING * * *
The catoblepas gores you!
You die...
Your body crumbles into a pile of gold.

.##§##..#..#..####p#..##
..§.....#..#.5...5p#..§#
........#..#########..##
#########..#..........##.
........#..#########..#..
#.#.#.#.#..#.##..###..#..
.#.#.#..#..##.9##.:#.8#.©
#.#.#.#.#..#.##Y#.(#..#..
.#.©.#.©#©©##.#9@#©#.∩#.©
$
#.#.#.#.#..#.#.#.#.#..#..
.#.#.#..#..#.#..##=#.8#.©
#.#.#.#.#..##.##..##..#..
........#..#########..#..
#########..#..........##.
........#..#########..##
........#..#.#w....#.§§#
.##≈##..#..#.#.###.#.§##


You could see a catoblepas, a molten gargoyle and a gargoyle.

Vanquished Creatures
  Gastronok (D:12)
  Snorg (D:11)
  A great orb of eyes (Gauntlet)
  7 hydras
  2 boulder beetles
  2 two-headed ogres
  A death yak (Lair:6)
  A two-headed ogre (shapeshifter) (Lair:6)
  2 thrashing horrors (Lair:6)
  Amaemon (D:10)
  A fire crab (Lair:4)
  Pikel (D:7)
  2 large abominations (Lair:6)
  An oklob plant (Lair:6)
  4 ugly things
  A cyclops (D:11)
  19 elephants
  A merfolk siren (Lair:4)
  9 black mambas
  Maurice (D:11)
  2 centaur zombies (D:11)
  A molten gargoyle (Gauntlet)
  6 torpor snails
  9 cane toads
  A gargoyle (D:10)
  An unseen horror (D:12)
  3 centaur skeletons (D:11)
  2 smoke demons (Lair:6)
  An orange demon (D:10)
  A kobold demonologist (D:9)
  6 rime drakes
  24 komodo dragons
  3 ancient zymes (Lair:6)
  2 hellwings (D:11)
  2 polar bears (D:11)
  A merfolk (shapeshifter) (Lair:6)
  15 blink frogs
  3 hornets (Gauntlet)
  5 dream sheep
  A meliai zombie (D:11)
  A shadow (D:11)
  A spriggan (Lair:6)
  A culicivora (shapeshifter) (Lair:6)
  A ynoxinul (Lair:6)
  77 yaks
  6 wyverns
  2 wraiths
  9 basilisks
  Eustachio (D:6)
  Menkaure (D:6)
  2 chaos spawn (Lair:6)
  A steam dragon (D:7)
  Edmund (D:5)
  An acid dragon (D:11)
  15 water moccasins
  5 orc warriors
  A sky beast (D:7)
  3 black bears (D:5)
  4 centaurs
  3 ogres
  20 wolves
  3 phantoms (D:5)
  A lemure (D:7)
  2 kobold brigands
  12 bullfrogs
  Blork the orc (D:6)
  2 gnoll sergeants
  7 scorpions
  8 small abominations (Lair:6)
  13 wights
  17 killer bees
  5 electric eels
  3 howler monkeys
  3 lava snakes (D:11)
  5 hounds
  8 orc priests
  3 jellies
  Natasha (thrice) (D:3)
  An iguana (D:7)
  6 orc wizards
  14 hell rats
  Robin (D:3)
  7 gnolls
  14 adders
  5 shadow imps
  2 white imps
  3 worms
  3 dart slugs
  34 orcs
  11 endoplasms
  2 giant cockroaches
  15 goblins
  6 hobgoblins
  3 jackals (D:4)
  16 kobolds
  5 quokkas
  3 ball pythons
  7 bats
  4 frilled lizards
  3 rats (D:2)
  A fire vortex (Lair:1)
566 creatures vanquished.

Vanquished Creatures (collateral kills)
  A komodo dragon (Lair:1)
  An orc (D:5)
  A hobgoblin (D:3)
3 creatures vanquished.

Vanquished Creatures (others)
  A lemure (D:7)
  2 orcs (D:5)
  50 fungi
  64 plants
  4 toadstools (D:9)
  4 withered plants (D:11)
125 creatures vanquished.

Grand Total: 694 creatures vanquished

Notes
Turn   | Place    | Note
-------+----------+-------------------------------------------
     0 | D:1      | holysushi the Kobold Artificer began the quest for the Orb.
     0 | D:1      | Reached XP level 1. HP: 12/12 MP: 1/1
   297 | D:1      | Reached XP level 2. HP: 7/17 MP: 2/2
   685 | D:1      | Reached skill level 1 in Short Blades
  1186 | D:1      | Found a faded altar of an unknown god.
  1328 | D:1      | Reached XP level 3. HP: 15/21 MP: 3/3
  2156 | D:2      | Reached XP level 4. HP: 17/26 MP: 4/4
  2293 | D:2      | Found a runed translucent door.
  2296 | D:2      | Noticed Crazy Yiuf
  3243 | D:3      | Noticed Robin
  3280 | D:3      | Reached skill level 5 in Short Blades
  3283 | D:3      | Identified the +2 ring mail of Divine Compulsion {rF+++ rC+
                  | Will+ Str-2}
  3307 | D:3      | Reached XP level 5. HP: 8/30 MP: 5/5
  3568 | D:3      | Killed Robin
  3751 | D:3      | Noticed Natasha
  3772 | D:3      | Killed Natasha
  3776 | D:3      | Got Sif Muna's Compendium of Transmigration
  3915 | D:3      | Found an opulent altar of Gozag.
  3916 | D:3      | Found a glowing silver altar of Zin.
  3977 | D:3      | Noticed Natasha
  3990 | D:3      | Killed Natasha
  4013 | D:3      | Noticed Natasha
  4025 | D:3      | Killed Natasha
  4026 | D:3      | Reached XP level 6. HP: 30/35 MP: 6/6
  4337 | D:4      | Noticed an ogre
  4341 | D:4      | Killed an ogre
  4728 | D:4      | Reached XP level 7. HP: 38/40 MP: 7/7
  4745 | D:4      | HP: 2/40 [gnoll sergeant/+2 vorpal spear (6)]
  4747 | D:4      | Reached skill level 3 in Dodging
  5279 | D:5      | Entered Level 5 of the Dungeon
  5323 | D:5      | Found a hazy altar of Hepliaklqana.
  5359 | D:5      | Noticed Edmund
  5400 | D:5      | Killed Edmund
  5689 | D:5      | Reached skill level 4 in Dodging
  5756 | D:5      | Found a hide-covered altar of Uskayaw.
  5870 | D:5      | Noticed a wraith
  5912 | D:5      | Killed a wraith
  5913 | D:5      | Reached skill level 5 in Dodging
  5913 | D:5      | Reached XP level 8. HP: 8/46 MP: 8/8
  6710 | D:5      | Reached skill level 6 in Dodging
  7288 | D:5      | Reached skill level 7 in Dodging
  7288 | D:5      | Reached XP level 9. HP: 36/52 MP: 9/9
  7584 | D:6      | Noticed Menkaure
  7590 | D:6      | Found Muixiat's Assorted Antiques.
  8450 | D:6      | Noticed Blork the orc
  8552 | D:6      | Noticed Eustachio
  8648 | D:6      | Killed Eustachio
  8649 | D:6      | Reached skill level 5 in Fighting
  8789 | D:6      | Found a burning altar of Makhleb.
  8789 | D:6      | Found a basalt altar of Yredelemnul.
  8820 | D:6      | Killed Blork the orc
  8943 | D:6      | Bought a scroll labelled GIUMAZ HULI for 23 gold pieces
  8943 | D:6      | Bought a wooden ring for 115 gold pieces
  8980 | D:6      | Reached skill level 8 in Dodging
  9075 | D:6      | Killed Menkaure
  9076 | D:6      | Reached skill level 10 in Short Blades
  9076 | D:6      | Reached skill level 5 in Evocations
  9436 | D:6      | Found a sacrificial altar of Ru.
  9520 | D:6      | Found Giyppi's Jewellery Emporium.
  9698 | D:6      | Found a broken altar of Ashenzari.
  9704 | D:6      | Found a white marble altar of Elyvilon.
  9851 | D:7      | Reached skill level 9 in Dodging
  9934 | D:7      | Noticed Pikel
  9943 | D:7      | Killed Pikel
  9944 | D:7      | Reached XP level 10. HP: 61/61 MP: 10/10
 10085 | D:7      | Found a staircase to the Ecumenical Temple.
 10093 | D:7      | Reached skill level 10 in Dodging
 10099 | Temple   | Entered the Ecumenical Temple
 10258 | D:3      | Became a worshipper of Gozag Ym Sagoz the Greedy
 10606 | D:7      | Found a stormy altar of Qazlal.
 10612 | D:7      | Found Dojaut's Armour Shoppe.
 11108 | D:8      | Found Juoluh's Antique Weapon Shoppe.
 11157 | D:8      | Found an iron altar of Okawaru.
 11167 | D:8      | Found a bloodstained altar of Trog.
 11252 | D:8      | Found a shadowy altar of Dithmenos.
 11274 | D:8      | Found a shimmering altar of Xom.
 11290 | D:8      | Found an ancient bone altar of Kikubaaqudgha.
 11773 | D:8      | Reached skill level 11 in Dodging
 11912 | D:9      | Noticed a two-headed ogre
 11933 | D:9      | Killed a two-headed ogre
 12169 | D:9      | Found a staircase to the Lair.
 12440 | D:9      | Reached XP level 11. HP: 62/66 MP: 11/11
 12866 | D:9      | Reached skill level 12 in Dodging
 12941 | D:9      | Identified the +4 ring mail of Xudim {*Corrode rC+++ Str+6
                  | Int-3}
 13436 | Lair:1   | Entered Level 1 of the Lair of Beasts
 13741 | Lair:1   | Reached skill level 13 in Dodging
 14541 | D:6      | Bought the amulet of the Four Winds {rN+ Will+++ Clar} for
                  | 526 gold pieces
 14541 | D:6      | Found the amulet of the Four Winds {rN+ Will+++ Clar}
 14541 | D:6      | Bought a +4 ring of evasion for 432 gold pieces
 15412 | Lair:1   | Reached skill level 5 in Stealth
 15691 | Lair:1   | Reached skill level 14 in Dodging
 15691 | Lair:1   | Reached XP level 12. HP: 71/76 MP: 12/12
 16418 | Lair:2   | Noticed a five-headed hydra
 16425 | Lair:2   | Killed a five-headed hydra
 16527 | Lair:2   | Reached skill level 10 in Fighting
 16588 | Lair:2   | Reached skill level 15 in Dodging
 17153 | Lair:3   | Noticed a five-headed hydra
 17168 | Lair:3   | Killed a five-headed hydra
 17250 | Lair:3   | Reached XP level 13. HP: 83/83 MP: 13/13
 17441 | Lair:3   | Reached skill level 16 in Dodging
 17959 | Lair:3   | Found a hole to the Spider Nest.
 18480 | Lair:4   | Noticed a five-headed hydra
 18481 | Lair:4   | Killed a five-headed hydra
 18877 | Lair:4   | Reached skill level 10 in Stealth
 18965 | Lair:4   | Reached skill level 17 in Dodging
 19252 | Lair:4   | Noticed a four-headed hydra
 19273 | Lair:4   | Killed a four-headed hydra
 19984 | Lair:4   | Found a staircase to the Shoals.
 20741 | Lair:5   | Reached XP level 14. HP: 91/91 MP: 14/14
 20770 | Lair:5   | Found a staircase to the Slime Pits.
 21002 | Lair:5   | Reached skill level 18 in Dodging
 21795 | Lair:5   | Bought a +2 pair of gloves of dexterity for 344 gold pieces
 21795 | Lair:5   | Bought a scroll of teleportation for 48 gold pieces
 21795 | Lair:5   | Bought a wand of iceblast (4) for 128 gold pieces
 21795 | Lair:5   | Bought a potion of mutation for 128 gold pieces
 21810 | Lair:6   | Entered Level 6 of the Lair of Beasts
 22761 | Lair:6   | Reached skill level 19 in Dodging
 23917 | Lair:6   | Reached XP level 15. HP: 73/98 MP: 15/15
 24829 | Lair:6   | Reached skill level 20 in Dodging
 26071 | Lair:6   | Found a corrupted altar of Lugonu.
 26072 | Lair:6   | Found a one-way gate to the infinite horrors of the Abyss.
 26090 | Lair:6   | Identified the +2 cloak of Anarchy {Will+}
 26306 | D:10     | Entered Level 10 of the Dungeon
 26817 | D:10     | Noticed Amaemon
 26888 | D:10     | Killed Amaemon
 27637 | D:11     | Noticed Snorg
 27641 | D:11     | Killed Snorg
 27774 | D:11     | Found Ukhlunku's Armour Emporium.
 27781 | D:11     | Noticed Maurice
 27807 | D:11     | Killed Maurice
 28037 | D:11     | Found a bloodstained altar of Trog.
 28740 | D:12     | Noticed Gastronok
 28743 | D:12     | Killed Gastronok
 28744 | D:12     | Reached skill level 21 in Dodging
 28766 | D:12     | Reached skill level 15 in Stealth
 28823 | D:12     | Found a gate leading to a gauntlet.
 28853 | Gauntlet | Entered a Gauntlet
 28853 | Gauntlet | Found a transporter.
 28895 | Gauntlet | Found a runed translucent door.
 28903 | Gauntlet | Found a transporter.
 28936 | Gauntlet | Found a transporter.
 28954 | Gauntlet | Found a transporter.
 28964 | Gauntlet | Found a transporter.
 28974 | Gauntlet | Found a transporter.
 28993 | Gauntlet | Found a transporter.
 29011 | Gauntlet | Found a transporter.
 29023 | Gauntlet | Found a transporter.
 29033 | Gauntlet | Found a runed translucent door.
 29055 | Gauntlet | Found a transporter.
 29237 | Gauntlet | Identified the ring "Ygecuagg" {rF+ MP+9}
 29250 | Gauntlet | Found a transporter.
 29250 | Gauntlet | Found a transporter.
 29255 | Gauntlet | Found a transporter.
 29300 | Gauntlet | Found a transporter.
 29372 | Gauntlet | HP: 3/100 [gargoyle/+0 mace (4)]
 29372 | Gauntlet | Slain by a catoblepas

Illustrated notes

Levels and vault maps discovered:
D:1:      minmay_arrival_three_doors, layout_basic,
          hellmonk_ecumenical_altar_arch_garden
D:2:      layout_rooms, minmay_distorted, uniq_crazy_yiuf_cottage
D:3:      layout_basic, grunt_temple_overflow_gold_and_silver, uniq_natasha,
          uniq_robin
D:4:      layout_rooms, lightli_minifort
D:5:      layout_basic, nicolae_uskayaw_murder_on_the_dancefloor,
          worldfamousw_hep_ancestral_shrine, grunt_ministairs_1,
          minmay_misc_feat_tower, grunt_decor_fettered,
          minmay_fractal_squares_5, uniq_edmund
D:6:      layout_rooms, marbit_many_paths, amethyst_overflow_temple_binary,
          gammafunk_temple_overflow_wave, serial_shops, nicolae_shop_crystal,
          nicolae_benzene_ring, nicolae_inconvenience_store, uniq_blork_the_orc,
          uniq_menkaure, uniq_eustachio
D:7:      layout_loops_ring, grunt_qazlal_clouds, temple_fountains,
          serial_shops, shop, chequers_avenue, uniq_pikel
D:8:      layout_rooms, minmay_overflow_temple_star_hex, serial_shops, shop,
          nicolae_zen_rock_garden
D:9:      layout_irregular_city, lair_entry_dummy, minmay_gold_behind_fungi
D:10:     layout_rooms, abandoned_shop, uniq_amaemon
D:11:     cheibrodos_grave_circle, layout_cave_pods, serial_column_ruins,
          column_ruins_circle_medium, column_ruins_grid_1, column_ruins_grid_3,
          column_ruins_open_tiny, column_ruins_corridor_dead_end,
          column_ruins_open_small, column_ruins_open_medium,
          column_ruins_open_small_water, serial_shops, nicolae_shop_trees,
          hex_large, kennysheep_decorative_pillar, trog_ov_bears_minmay,
          uniq_maurice, uniq_snorg
D:12:     layout_gridville, erik_orc_2, gauntlet_entry_generic, serial_shops,
          nicolae_shop_crystal, uniq_gastronok, uniq_kirke, uniq_urug
Temple:   corrupted_temple
Lair:1:   layout_gridlike
Lair:2:   layout_concentric_octagons, st_stairs_9, serial_bayou_pond_b,
          grunt_megastairs_5, lemuel_fruit_tree
Lair:3:   layout_regular_city, nicolae_spider_entry_non_spiders,
          infiniplex_staircase_pool
Lair:4:   nzn_winding_woodlands_stair_cross [nzn_winding_woodlands_5x15_twine,
          nzn_winding_woodlands_center_lodge,
          nzn_winding_woodlands_5x15_pockets, nzn_winding_woodlands_5x5_cross,
          nzn_winding_woodlands_5x5_perimeter,
          nzn_winding_woodlands_5x15_concentric,
          nzn_winding_woodlands_center_diamonds,
          nzn_winding_woodlands_5x15_parted], layout_small_grid,
          minmay_shoals_entry_lonely_mermaid, grunt_forest_small_clearing_treed
Lair:5:   layout_layer_cave, slime_dummy, minivault_27, grunt_megastairs_3
Lair:6:   hellmonk_lair_end_abyssal_woods, layout_gridlike
Gauntlet: gammafunk_gauntlet_mixed_choke_point
          [minmay_gauntlet_arena_77_broken_ladder,
          minmay_gauntlet_arena_77_cramped,
          minmay_gauntlet_arena_77_radiant_squares,
          gammafunk_gauntlet_arena_grid, minmay_gauntlet_arena_77_mirror,
          minmay_gauntlet_arena_77_mess, minmay_gauntlet_arena_77_box,
          dreamdust_gauntlet_exit_labyrinth]

Skill      XL: |  1  2  3  4  5  6  7  8  9 10 11 12 13 14 15 |
---------------+----------------------------------------------+-----
Fighting       | 2 3 4 6 7 9 10 11 13 14 | 14.0
Short Blades   | 2 3 5 6 7 8 9 10 11 13 14 | 14.0
Dodging        | 5 7 9 11 14 15 17 19 21 | 21.3
Stealth        | 3 4 5 8 11 13 15 | 15.0
Evocations     | 5 |  5.0
Armour         | |  0.7

Action                   |  1- 3 |  4- 6 |  7- 9 | 10-12 | 13-15 || total
-------------------------+-------+-------+-------+-------+-------++-------
Melee: Club              |    18 |       |       |       |       ||    18
       Punch             |     3 |     6 |     4 |     5 |       ||    18
       Dagger            |    53 |   206 |   323 |       |       ||   582
       Short sword       |    30 |    49 |       |       |       ||    79
       Rapier            |       |       |   103 |   750 |  2081 ||  2934
Invok: Call Merchant     |       |       |       |       |     1 ||     1
Evoke: Wand              |     4 |     2 |    24 |     5 |     1 ||    36
  Use: Scroll            |     5 |       |     9 |    13 |     4 ||    31
       Potion            |       |       |       |     4 |       ||     4
 Stab: Sleeping          |    12 |    11 |    13 |    35 |    32 ||   103
       Distracted        |       |       |     1 |     9 |    29 ||    39
Armor: Leather armour    |    31 |    10 |       |       |       ||    41
       Ring mail         |       |    64 |   101 |    71 |   105 ||   341
Dodge: Dodged            |    62 |   145 |   230 |   356 |  1093 ||  1886
Block: Buckler           |       |       |       |   180 |   444 ||   624
       Reflection        |       |       |       |     1 |       ||     1

Table legend: (Time is in decaauts)
 A = Elapsed time spent in this place.
 B = Non-inter-level travel time spent in this place.
 C = Inter-level travel time spent in this place.
 D = Time resting spent in this place.
 E = Time spent auto-exploring this place.
 F = Levels seen in this place.
 G = Mean time per level.
                   A        B        C        D        E       F      G
               +--------+--------+--------+--------+--------+-----+--------+
         Total |  27459 |  26123 |   1336 |   7103 |  13156 |  20 | 1372.9 |
       Dungeon |  15597 |  14615 |    982 |   4337 |   7245 |  12 | 1299.8 |
        Temple |     53 |     43 |     10 |      0 |     22 |   1 |   53.0 |
          Lair |  11334 |  10990 |    344 |   2725 |   5655 |   6 | 1889.0 |
      Gauntlet |    474 |    474 |      0 |     41 |    234 |   1 |  474.0 |
               +--------+--------+--------+--------+--------+-----+--------+

Top non-repeatable levels by time:
  Lair:6: 2914 daAuts
     D:5: 2723 daAuts
  Lair:5: 2252 daAuts
  Lair:1: 1959 daAuts
     D:1: 1802 daAuts
  Lair:4: 1687 daAuts
     D:3: 1660 daAuts
     D:9: 1555 daAuts
    D:11: 1549 daAuts
  Lair:3: 1459 daAuts
     D:6: 1431 daAuts
     D:2: 1222 daAuts
  Lair:2: 1060 daAuts
     D:4: 1034 daAuts
     D:7: 938 daAuts
